[Event "Italian-ch Teams-B 2022"]
[Site "Montesilvano"]
[Date "2022.04.19"]
[Round "1.1"]
[White "Mastrovasilis, Dimitrios"]
[Black "Fier, Alexandr"]
[Result "0-1"]
[ECO "B62"]
[WhiteElo "2618"]
[BlackElo "2583"]
[Annotator "TA"]
[PlyCount "46"]
[EventDate "2022.04.19"]
[EventType "team-tourn"]
[EventCountry "ITA"]
[SourceTitle "playchess.com"]
[Source "ChessBase"]
[SourceQuality "1"]
[TimeControl "40/5400+30:1800+30"]

1. e4 c5 2. Nf3 Nc6 3. d4 cxd4 4. Nxd4 Nf6 5. Nc3 d6 6. Bg5 e6 7. Qd3 Bd7 {[%emt 0:00:59] B62: Sicilian: Richter-Rauzer: 6...e6: Unusual White 7th moves.} 8. Ndb5 {[%emt 0:01:06] 0-0-0 is the strong threat. is more profitable than 8.0-0-0 at the moment.} Nb4 9. Qd1 Qb8 {[%emt 0:00:19] The position is equal.} 10. Bf4 e5 11. Bg5 {[%emt 0:00:18] Strongly threatening a3.} a6 12. Na3 b5 13. Bxf6 gxf6 14. Nab1 $1 {[%emt 0:00:19] [#]} d5 $146 ({Predecessor:} 14... Bg7 15. g3 O-O 16. a3 Nc6 17. Nd5 Ra7 18. Bg2 f5 19. exf5 Bxf5 20. O-O Kh8 {0-1 (32) Delchev,A (2500)-Shevchenko,K (2633) Struga 2021}) 15. Nxd5 Nxd5 16. Qxd5 Bb4+ 17. c3 Be6 18. Qd3 ({But not} 18. Qc6+ $2 Ke7 19. cxb4 Rc8 20. Qxc8 Qxc8 $19) 18... Bc5 19. Be2 Qb7 20. O-O $1 Rg8 21. Nd2 $2 (21. Kh1 $14 {stays ahead.}) 21... Rd8 $19 22. Qc2 {[%emt 0:00:10] [#]} (22. Qf3 $142 Rxd2 23. b4) 22... Rxd2 $1 {[%emt 0:00:47][%mdl 576] Remove Defender, Deflection} 23. Qxd2 (23. Bf3 Rxc2) 23... Qxe4 {[%emt 0:00:04] Weighted Error Value: White=1.09/Black=0.03 (flawless)} 0-1

[Event "Italian-ch Teams-B 2022"]
[Site "Montesilvano"]
[Date "2022.04.19"]
[Round "1.1"]
[White "Dervishi, Erald"]
[Black "Dardha, Daniel"]
[Result "1/2-1/2"]
[ECO "B32"]
[WhiteElo "2511"]
[BlackElo "2541"]
[Annotator "TA"]
[PlyCount "96"]
[EventDate "2022.04.19"]
[EventType "team-tourn"]
[EventCountry "ITA"]
[SourceTitle "playchess.com"]
[Source "ChessBase"]
[SourceQuality "1"]
[TimeControl "40/5400+30:1800+30"]

1. e4 c5 2. Nf3 Nc6 3. d4 cxd4 4. Nxd4 e5 5. Nb5 d6 6. c4 g6 {[%emt 0:00:18] 6...Be6 is becoming the main line. B32: Sicilian: Löwenthal and Kalashnikov Variations.} 7. Be2 Be6 8. O-O Rc8 {[%emt 0:06:39] [#] White has an edge.} 9. b3 $146 {[%emt 0:04:43] Hoping for Ba3.} ({Predecessor:} 9. N1c3 a6 10. Na3 Bg7 11. Nc2 f5 12. exf5 gxf5 13. Bh5+ Kf8 14. Be2 Nf6 15. f4 {1-0 (40) Sjugirov,S (2680)-Swiercz,D (2656) Chess.com INT 2022}) 9... Nf6 10. Bg5 h6 11. Bxf6 {[%emt 0:06:28] &Bianco is more active.} Qxf6 12. Nxd6+ Bxd6 13. Qxd6 Rd8 14. Qc5 Nd4 ({Black should try} 14... Qg5 $1 $14 15. Qe3 Nd4) 15. Bd1 (15. Nc3 $16) 15... b6 (15... Qg5 $11 {is more appropriate.}) 16. Qa3 $16 Qg5 {[%emt 0:08:35] [#] aiming for ...Bh3.} 17. Kh1 Qe7 18. Qc1 Qg5 19. Nc3 Qxc1 20. Rxc1 Ke7 21. Bc2 a6 22. Rfd1 b5 23. Bd3 Rb8 (23... bxc4 $14 24. bxc4 (24. Bxc4 Bxc4 25. bxc4 Ke6 $16) 24... Rc8) 24. f4 (24. Nd5+ {feels hotter.} Kd7 25. c5 g5 26. g3) 24... bxc4 25. Bxc4 Bxc4 26. bxc4 Ke6 (26... Rhc8 $14 {deserves consideration.}) 27. Rd2 (27. fxe5 $16 Kxe5 28. c5) 27... Rhc8 $1 $11 28. Nd1 Rb4 29. c5 {[%emt 0:00:38] The position is equal.} Nb5 30. fxe5 Rxe4 {[%emt 0:00:00][%cal Re4e1] [#]} 31. h3 Rxe5 32. a4 Re1+ 33. Kh2 Nc7 34. Rc4 Nd5 35. Nc3 Nxc3 36. Rxc3 {[%emt 0:00:10][%mdl 4096] Endgame KRR-KRR} Rc6 {[%emt 0:00:55] Against Rd6+} 37. Rcd3 Re5 38. Rd6+ Rxd6 39. Rxd6+ {[%emt 0:00:15] KR-KR} Ke7 40. Rxa6 Rxc5 41. Ra7+ Kf6 42. a5 h5 43. h4 Rc4 44. g3 Rc2+ 45. Kh3 Ra2 46. a6 Ke6 47. Ra8 Kf5 48. Ra7 ({Much worse is} 48. a7 Ra5 $17) 48... Ke5 {[%emt 0:05:14] Weighted Error Value: White=0.09 (flawless) /Black=0.11 (very precise)} 1/2-1/2

[Event "Italian-ch Teams-B 2022"]
[Site "Montesilvano"]
[Date "2022.04.19"]
[Round "1.1"]
[White "Rombaldoni, Denis"]
[Black "Lazic, Miroljub"]
[Result "1/2-1/2"]
[ECO "D02"]
[WhiteElo "2485"]
[BlackElo "2322"]
[Annotator "TA"]
[PlyCount "173"]
[EventDate "2022.04.19"]
[EventType "team-tourn"]
[EventCountry "ITA"]
[SourceTitle "playchess.com"]
[Source "ChessBase"]
[SourceQuality "1"]
[TimeControl "40/5400+30:1800+30"]

1. Nf3 d5 2. g3 Nc6 3. d4 Bf5 4. c3 Qd7 5. b4 a6 6. a4 Bh3 7. Bxh3 Qxh3 8. Bf4 Qd7 9. Nbd2 e6 10. b5 Nce7 11. Ne5 Qc8 12. c4 Nf6 13. O-O Ng6 14. Qb3 Nxf4 15. gxf4 dxc4 (15... Bd6 $14) 16. Ndxc4 $16 axb5 $2 (16... Nd5 $16) 17. Qxb5+ $18 (17. axb5 Rb8 $14) 17... c6 18. Qb3 Ra7 19. Rfb1 Be7 20. f5 $2 (20. Qb6 $18 Qa8 21. Qc7) 20... O-O $16 21. Nb6 $1 Qd8 22. fxe6 Qxd4 23. exf7+ Kh8 24. Qe6 $1 Qd6 25. Qxd6 Bxd6 26. Nbc4 Bxe5 27. Nxe5 g6 28. Rb3 Ne4 29. a5 Ng5 30. a6 (30. Nd7 $5 Rxf7 31. Nc5 $14) 30... Rxa6 31. Rxa6 bxa6 32. Rb7 Kg7 33. Ra7 (33. Nxc6 Rxf7 34. Rb3 Rf6 $11) 33... c5 34. Rxa6 Nxf7 35. Ra7 Kg8 36. Nc4 (36. Nd7 $16 Rc8 37. Nf6+ Kg7 38. Ne4) 36... Re8 37. Kf1 Re4 38. Ne3 Re5 39. Ng4 Rf5 40. Rc7 h5 41. Ne3 Re5 42. Nc4 Rd5 43. f3 Rd1+ 44. Kf2 Rc1 45. Nd2 ({Much worse is} 45. Rxc5 Nd6 $1 46. Rc6 Nxc4 $15) (45. Nb6 $5 ) 45... Rc2 (45... Ng5 $11 {keeps the balance.}) 46. Ne4 $16 c4 47. Nf6+ Kf8 48. Nd7+ Ke8 49. Nb6 Nd6 50. Nd5 Nb5 ({Black should play} 50... Nf5 $11) 51. Rc8+ $1 $14 Kf7 52. Ne3 Rc1 53. Rxc4 Rxc4 54. Nxc4 g5 55. Ke3 Kf6 56. Nd2 Kf5 57. Ne4 g4 $1 58. Ng3+ Kg5 59. f4+ Kg6 60. Ke4 h4 61. Nf5 Nc3+ 62. Ke5 Kh5 $1 63. e4 Ne2 64. Ne3 h3 $1 65. Nf1 Ng1 $2 (65... g3 $11 66. hxg3 Kg4) 66. Kf5 $18 Nf3 {[%emt 0:00:09] [#]} 67. e5 $2 (67. Ng3+ $1 {mates} Kh6 68. Kf6 Nh4 69. e5 Ng2 70. f5 Nf4 71. e6 Nd5+ 72. Kf7) 67... Nxh2 $1 $11 68. e6 ({Reject} 68. Nxh2 g3 69. e6 (69. Nf3 $2 h2 $19) 69... gxh2 $17) 68... Nxf1 69. e7 Kh4 70. e8=Q h2 71. Qh8+ Kg3 72. Kg5 ({White should try} 72. Qa8 $1 $14 Kh3 73. Kg6) 72... Kg2 $11 73. Qa8+ Kg1 $1 74. Qa7+ Kg2 75. Qb7+ Kg1 76. Qb6+ Kg2 77. Qc6+ Kg1 $1 78. Qc5+ Kg2 79. Qd5+ Kg1 $1 80. Qd4+ Kg2 81. Qe4+ Kg1 $1 82. Qd4+ Kg2 83. Qe4+ Kg1 $1 84. f5 h1=Q 85. Qxg4+ Kf2 $1 86. f6 Ne3 87. Qh4+ 1/2-1/2

[Event "Italian-ch Teams-B 2022"]
[Site "Montesilvano"]
[Date "2022.04.19"]
[Round "1.1"]
[White "Caprio, Guido"]
[Black "Moroni, Luca Jr"]
[Result "0-1"]
[ECO "E18"]
[WhiteElo "2426"]
[BlackElo "2588"]
[Annotator "TA"]
[PlyCount "58"]
[EventDate "2022.04.19"]
[EventType "team-tourn"]
[EventCountry "ITA"]
[SourceTitle "playchess.com"]
[Source "ChessBase"]
[SourceQuality "1"]
[TimeControl "40/5400+30:1800+30"]

1. d4 Nf6 2. c4 e6 3. Nf3 b6 4. g3 Bb7 5. Bg2 Be7 6. O-O O-O 7. Nc3 Na6 8. Ne5 {[%emt 0:00:18] E18: Queen's Indian: Old Main Line (4 g3 Bb7 5 Bg2 Be7 6 0-0 0-0 7 Nc3).} Bxg2 9. Kxg2 Qc8 10. f3 {[%emt 0:10:01] [#] White is slightly better.} Qb7 $146 ({Predecessor:} 10... c6 11. e4 d6 12. Nd3 d5 13. cxd5 cxd5 14. e5 Nd7 15. Be3 Nb4 16. Nf2 a6 {½-½ (33) Belunek,V (2216)-Obsivac,J (2330) Ostrava 2018}) 11. Qa4 c6 12. Bg5 Rfd8 13. Rfd1 Rab8 14. d5 {[%emt 0:06:42] [#]} (14. Ne4 $11) 14... Nc5 $1 $17 {[%emt 0:06:32][%cal Ba6c5,Bc5a4,Ba4c3][%mdl 32] White is now going downhill.} 15. dxc6 Nxa4 ({Reject} 15... Qc7 $6 16. Qc2 dxc6 17. Nd3 $11) 16. cxb7 Nxc3 17. bxc3 Rxb7 18. a4 h6 19. Be3 Rc8 20. a5 d6 21. Nd3 Rxc4 22. axb6 axb6 23. Bd2 Nd7 24. Rdb1 d5 25. Rb5 Bf6 26. Ra3 Rbc7 27. Nb2 R4c6 ({Of course not} 27... Rxc3 $6 28. Bxc3 Bxc3 29. Ra8+ Kh7 30. Nd3 $11) 28. Na4 $2 {[%emt 0:08:44] [#]} (28. Rbb3 $17) 28... Ra7 $19 29. Rbb3 b5 {[%emt 0:02:12] Weighted Error Value: White=0.30/Black=0.06 (flawless)} 0-1

[Event "Italian-ch Teams-B 2022"]
[Site "Montesilvano"]
[Date "2022.04.19"]
[Round "1.2"]
[White "Favaloro, Andrea"]
[Black "David, Alberto"]
[Result "0-1"]
[ECO "E33"]
[WhiteElo "2370"]
[BlackElo "2545"]
[Annotator "TA"]
[PlyCount "80"]
[EventDate "2022.04.19"]
[EventType "team-tourn"]
[EventCountry "ITA"]
[SourceTitle "playchess.com"]
[Source "ChessBase"]
[SourceQuality "1"]
[TimeControl "40/5400+30:1800+30"]

1. d4 Nf6 2. c4 e6 3. Nc3 Bb4 4. Qc2 Nc6 5. Nf3 d6 6. Bd2 O-O 7. a3 Bxc3 8. Bxc3 Qe7 9. e4 {[%emt 0:01:00] E33: Nimzo-Indian: Classical: 4...Nc6.} e5 10. d5 Nb8 11. Be2 {[%emt 0:00:28] White is slightly better.} Ne8 (11... c6 $14 {is superior.}) 12. Nd2 f5 {[%emt 0:02:05] [#]} 13. O-O-O $146 (13. O-O $16) ({Predecessor:} 13. exf5 Bxf5 14. Bd3 Bxd3 15. Qxd3 Nd7 16. O-O-O Rxf2 17. Qg3 Rf8 18. Ne4 Nef6 19. Ng5 {0-1 (47) Kornyukov,A (2452)-Stevens,C (2260) Chess.com INT 2021}) 13... Qg5 $11 14. Bd3 fxe4 15. Bxe4 Nf6 16. h4 Qh6 17. f3 (17. Kb1 $11 {remains equal.}) 17... Nxe4 $17 18. Qxe4 Nd7 (18... Bf5 19. Qe2 $11) 19. Qe2 Nc5 20. b4 Na4 21. Kc2 Bf5+ 22. Kb3 {[%emt 0:00:17] [#]} Qg6 $1 $36 {[%emt 0:00:52][%mdl 2048] Threatens to win with ...Bc2+. Black is on the roll. &Nero is more active.} 23. Rc1 {[%emt 0:03:06] [#] Prevents Bc2+.} (23. Kxa4 $2 Bc2+ 24. Nb3 a6 $19) (23. Ne4 Bxe4) 23... a5 $1 24. h5 (24. Kxa4 Bc2+ 25. Nb3 axb4+ 26. Kxb4 c5+ 27. dxc6 {[#]} bxc6 $1 28. Bxe5 Rab8+ 29. Kc3 Rxb3+ 30. Kd2 dxe5 $19) (24. bxa5 Nc5+) 24... Qe8 25. Ra1 {[%emt 0:03:26] This move loses the game for White.} (25. bxa5 $17 Nc5+ 26. Ka2) 25... axb4 26. axb4 b5 27. cxb5 Nb6 {[%emt 0:01:03] Really sharp!} 28. Ne4 (28. Kb2 {was necessary.}) 28... h6 29. Ra5 Nxd5 {[%emt 0:00:00] And now ...Nf4 would win.} 30. Bd2 Qf7 (30... Nb6 $2 31. Kb2 $19) 31. Kb2 Nb6 32. Rc1 {[%emt 0:01:04] Inhibits Nc4+.} Be6 33. Rxa8 (33. Be1 $142) 33... Rxa8 $19 34. Ra1 Rb8 35. Kc1 Bc4 ({Don't go for} 35... Qxh5 $2 36. Ra7 $19) 36. Qe3 Bxb5 {[%emt 0:00:00] White must now prevent ...Bf1.} 37. Ra7 Nc4 ({Don't blunder} 37... Qxh5 $2 38. Rxc7 Ra8 39. Qxh6 (39. Qxb6 {gets mated.} Qh1+) 39... Qxh6 40. Bxh6 gxh6 41. Nxd6 $19) 38. Qb3 Bc6 (38... Qxh5 $142 {Hoping for ...Qh1+.} 39. Qd1 Qh2) 39. Nc3 $2 (39. Nxd6 Nxd6 40. Qxf7+ Nxf7 41. Rxc7) 39... d5 40. Kd1 (40. b5 $142 Bxb5 41. Nxb5 Qxh5 42. Ra4 Qh1+ 43. Kc2) 40... d4 {[%emt 0:00:00] Weighted Error Value: White=0.53/Black=0.21 (precise)} 0-1

[Event "Italian-ch Teams-B 2022"]
[Site "Montesilvano"]
[Date "2022.04.19"]
[Round "1.2"]
[White "Formento, Paolo"]
[Black "Godena, Michele"]
[Result "0-1"]
[ECO "D25"]
[WhiteElo "2359"]
[BlackElo "2442"]
[Annotator "TA"]
[PlyCount "77"]
[EventDate "2022.04.19"]
[EventType "team-tourn"]
[EventCountry "ITA"]
[SourceTitle "playchess.com"]
[Source "ChessBase"]
[SourceQuality "1"]
[TimeControl "40/5400+30:1800+30"]

1. d4 d5 2. c4 dxc4 3. Nf3 Nf6 4. e3 Bg4 5. Bxc4 e6 6. Nc3 Nbd7 7. O-O Bb4 {[%emt 0:03:37] D25: Queen's Gambit Accepted: 4 e3: sidelines and 4...Bg4.} 8. h3 Bh5 9. Qb3 Bxc3 10. bxc3 Bxf3 11. gxf3 Rb8 {[%emt 0:04:08] [#]} 12. a4 $146 ({Predecessor:} 12. Ba3 c5 13. dxc5 O-O 14. Qa4 Qc7 15. Bb5 Rfc8 16. Rfd1 Nxc5 17. Qxa7 Nd5 18. c4 Nxe3 19. Bxc5 Nxd1 20. Rxd1 {1-0 (33) Figura,A (2394)-Wierzbicki,J (2160) Berlin 2019}) 12... O-O 13. a5 c5 14. f4 Qc7 15. Be2 Qc6 16. Qd1 Ne4 17. Bf3 f5 18. Qd3 Ndf6 19. Ba3 Rfd8 20. Kh2 Rbc8 21. Rab1 Qa4 22. c4 cxd4 {[%emt 0:00:56] &Nero is more active.} ({Black should try} 22... Qxa5 $15 23. Kg2 (23. Rxb7 $2 Nd2 $19) 23... Rd7) 23. Be7 $11 {[%emt 0:00:27] This bishop pair is nice.} Rd7 24. Bxf6 Nxf6 25. Rxb7 (25. Rfc1 $11) 25... Rxb7 $17 ({Reject} 25... Rxc4 $6 26. Rfb1 $11) 26. Bxb7 Qxc4 27. Qxd4 Qxf1 $19 28. Bxc8 Qxf2+ 29. Kh1 Kf7 (29... Qf3+ $142 30. Kg1 Qc6 31. Qd8+ Kf7) 30. Qxa7+ Kg6 31. Bxe6 Qe1+ $2 ({Resist} 31... Ne4 {[#]} 32. Bxf5+ $1 Kxf5 33. Qd7+ Kg6 34. Qe8+ Kh6 35. Qxe4 $16) ({Black should play} 31... Kh6 $19 {( -> ...Nh5)} 32. Qb6 (32. Bxf5 {is a self mate.} Nh5 33. Qb6+ g6) 32... g6) 32. Kg2 $11 Qe2+ 33. Kg1 $1 Qd1+ 34. Kg2 Qd2+ 35. Kf3 Qd1+ 36. Kg2 Qc2+ 37. Kf1 Ne4 {[%emt 0:00:53][%csl Ge4][%cal Rc2f2] [#]} 38. Bxf5+ $1 Kxf5 {[%emt 0:00:04][%csl Ge4][%cal Rc2f2] Really sharp!} 39. Qd7+ $2 {[%emt 0:00:00] Whites escaped into a draw.  Weighted Error Value: White=0.40/Black=0.30} (39. Qf7+ $11 {and White is okay.} Nf6 40. Qxg7) 0-1

[Event "Italian-ch Teams-B 2022"]
[Site "Montesilvano"]
[Date "2022.04.19"]
[Round "1.2"]
[White "Borgo, Giulio"]
[Black "Genocchio, Daniele"]
[Result "1/2-1/2"]
[ECO "C15"]
[WhiteElo "2345"]
[BlackElo "2358"]
[Annotator "TA"]
[PlyCount "108"]
[EventDate "2022.04.19"]
[EventType "team-tourn"]
[EventCountry "ITA"]
[SourceTitle "playchess.com"]
[Source "ChessBase"]
[SourceQuality "1"]
[TimeControl "40/5400+30:1800+30"]

1. e4 e6 2. d4 d5 3. Nc3 Bb4 4. Nge2 dxe4 5. a3 Be7 6. Nxe4 Nf6 7. Nxf6+ $1 {[%emt 0:02:46][%mdl 4] outshines the older 7.N2g3.} Bxf6 8. Be3 {[%emt 0:00:06] C15: French: 3 Nc3 Bb4: Unusual White 4th moves.} O-O 9. Qd2 Nc6 10. f4 {[%emt 0:21:22] [#] White has an edge.} Qd5 $146 ({Predecessor:} 10... b5 11. Nc3 a6 12. O-O-O b4 13. axb4 Nxb4 14. Ne4 a5 15. c3 {½-½ (15) Kadric,D (2509)-Kanakaris,G (2399) Veliko Gradiste 2018}) 11. c3 Na5 {[%emt 0:07:04] White must now prevent ...Nb3.} 12. Qc2 Nc4 13. Bf2 b6 14. Ng3 Be7 15. Be2 {[%emt 0:05:39] aiming for Bf3.} Rb8 16. Bf3 Qd7 17. O-O Bb7 18. Bxb7 Rxb7 19. f5 exf5 20. Nxf5 Bf6 (20... Re8 $11 {deserves consideration.}) 21. Rae1 (21. Bg3 $14) 21... Nd6 22. Nxd6 cxd6 23. Bg3 Rbb8 24. Qf5 Rbd8 25. Qd5 Rfe8 {[%emt 0:00:34] [#]} (25... h6 $14) 26. h3 {[%emt 0:00:41] &Bianco is more active.} (26. Qxd6 $1 $16 Qb5 (26... Rxe1 27. Rxe1) 27. Qb4) 26... Re6 27. Re4 Rxe4 28. Qxe4 d5 29. Qf5 Qe6 30. Qf3 b5 31. Re1 Qd7 32. Re2 Rc8 33. Be5 Be7 34. Bf4 Bf6 35. Be5 Be7 36. Bg3 Bf6 37. Kf2 h6 38. Qh5 Rc6 39. Ke1 Re6 40. Be5 Bxe5 41. Rxe5 $11 {[%emt 0:30:47][%mdl 4096] Endgame KQR-KQR} f6 42. Re2 Rxe2+ 43. Qxe2 {[%emt 0:00:00] KQ-KQ} a6 44. a4 Kf7 45. axb5 Qxb5 46. Qc2 g6 47. Kf2 Qb8 48. Kf3 Qb5 49. Kf2 Qb8 50. Qd2 f5 51. b4 g5 52. g3 Qe8 53. Qd3 Qe4 54. Qf3 {[%emt 0:00:35][%mdl 8192] [#]} (54. Qxa6 $11 {and White stays safe.} Qc2+ 55. Kg1) 54... Qc2+ $2 {[%emt 0:00:21] Weighted Error Value: White=0.25 (precise) /Black=0.06 (flawless)} (54... Qxf3+ $1 $19 55. Kxf3 Ke6) 1/2-1/2

[Event "Italian-ch Teams-B 2022"]
[Site "Montesilvano"]
[Date "2022.04.19"]
[Round "1.2"]
[White "Boraso, Alessio"]
[Black "Shytaj, Luca"]
[Result "0-1"]
[ECO "B31"]
[WhiteElo "2286"]
[BlackElo "2460"]
[Annotator "TA"]
[PlyCount "74"]
[EventDate "2022.04.19"]
[EventType "team-tourn"]
[EventCountry "ITA"]
[SourceTitle "playchess.com"]
[Source "ChessBase"]
[SourceQuality "1"]
[TimeControl "40/5400+30:1800+30"]

1. e4 c5 2. Nf3 Nc6 3. Bb5 g6 4. O-O Bg7 5. Nc3 Nd4 6. Ba4 Qa5 {[%emt 0:10:50] B31: Sicilian: 2...Nc6 3 Bb5 g6.} 7. a3 b5 8. b4 Qd8 {[%emt 0:05:11] The position is equal.} 9. Bb3 c4 10. Ba2 Bb7 (10... d5 $5 ) 11. Bb2 {[%emt 0:04:14] [#]} Rc8 $146 ({Predecessor:} 11... e6 12. Nxb5 Nxf3+ 13. Qxf3 Bxb2 14. Nd6+ Ke7 15. Nxb7 Qc7 16. Rab1 Be5 17. Na5 Bxh2+ {1-0 (44) Handke,F (2455)-Lisanti,A (2300) Germany 2000}) 12. Nxd4 (12. d3 {seems wilder.} Nxf3+ 13. Qxf3 Be5 14. a4) 12... Bxd4 13. Qc1 (13. d3 $1 $14) 13... Qb6 14. Nxb5 Bxb2 15. Qxb2 Nf6 16. a4 {[%emt 0:06:38] With the idea d3.} Bxe4 17. Rfe1 {[%emt 0:04:09][%cal Oe1e4] [#] Black must now prevent Rxe4!} O-O 18. Qe5 (18. Na3 $11 {remains equal.}) 18... a6 (18... Bxc2 $17 19. a5 Qb7) 19. Nc3 (19. Qd4 $1 $11 {keeps the balance.} Qb8 20. Nc3) 19... Bxc2 $17 {[%emt 0:01:29][%cal Od7d5] &Nero is more active. White is on the road to losing.} 20. a5 (20. b5 $17) 20... Qxb4 $19 21. Qxe7 Qxe7 22. Rxe7 d5 23. Rc1 Bf5 24. Ra7 Ra8 25. Rxa8 Rxa8 26. f3 Rb8 {[%emt 0:02:22] aiming for ...Rb2.} 27. g4 {[%emt 0:04:26] [#]} Be6 {[%emt 0:01:17] Threatens to win with ...Rb2.} 28. Rb1 {[%emt 0:00:33] Against Rb2} Nd7 29. Kf2 Kf8 30. Ke3 (30. d3 {might work better.}) 30... Ke7 31. d3 Rxb1 32. Nxb1 cxd3 {[%emt 0:01:04][%cal Od5d4] ...d4+! is the strong threat.} 33. Kxd3 {[%emt 0:01:46] KBN-KBN} Ne5+ 34. Kd4 (34. Ke2 {was necessary.}) 34... Kd6 {[%emt 0:00:31] Black is clearly winning.} 35. Ke3 (35. f4 $142 Nc6+ 36. Kc3) 35... d4+ 36. Kxd4 Bxa2 37. Nc3 Nc6+ {[%emt 0:00:14] Weighted Error Value: White=0.36/Black=0.11 (very precise)} 0-1

[Event "Italian-ch Teams-B 2022"]
[Site "Montesilvano"]
[Date "2022.04.19"]
[Round "1.3"]
[White "Ortega, Lexy"]
[Black "Bifulco, Michel"]
[Result "0-1"]
[ECO "D27"]
[WhiteElo "2429"]
[BlackElo "2274"]
[Annotator "TA"]
[PlyCount "54"]
[EventDate "2022.04.19"]
[EventType "team-tourn"]
[EventCountry "ITA"]
[SourceTitle "playchess.com"]
[Source "ChessBase"]
[SourceQuality "1"]
[TimeControl "40/5400+30:1800+30"]

1. d4 d5 2. Nf3 Nf6 3. c4 dxc4 4. e3 a6 5. Bxc4 b5 6. Bb3 Bb7 7. Nc3 e6 8. O-O c5 9. e4 {[%emt 0:01:30] D27: Queen's Gambit Accepted: Classical main line: 7 e4!? and 7 a4.} cxd4 10. Nxd4 Nbd7 11. Re1 {[%emt 0:13:23] With the idea e5. The position is equal.} Ne5 12. Nd5 Bc5 {[%emt 0:15:02] Strongly threatening ...0-0.} ({Much less strong is} 12... exd5 13. exd5 Bd6 14. Nf3 $11 (14. f4 Nxd5 15. fxe5 Bb4 $11)) 13. Bf4 Nfd7 {[%emt 0:03:27] [#] aiming for ...0-0.} 14. Bxe5 $146 ({Much worse is} 14. Rc1 Rc8 15. Bxe5 Nxe5 16. Rxc5 Rxc5 $17) (14. Nf3 $11 Nxf3+ 15. Qxf3) ({Predecessor:} 14. Rc1 Rc8 15. Nc3 Qh4 16. Bg3 Qf6 17. Nf3 Nxf3+ 18. Qxf3 Qxf3 19. gxf3 {½-½ (113) Narciso Dublan,M (2511)-Stefanova,A (2548) Barcelona 2008}) 14... Nxe5 $17 15. Nxe6 (15. Rc1 $17 Qd6 16. Nf3 (16. f4 Nc4 $17) 16... Nxf3+ 17. Qxf3) 15... fxe6 $19 16. Qh5+ Ng6 17. Nf4 $2 {[%emt 0:01:43] [#]} (17. Nf6+ Qxf6 18. Qxc5) 17... Qf6 $1 18. Qxc5 (18. Rf1 Qxf4) 18... Nxf4 19. Bd5 $2 {[%emt 0:00:37] [#]} (19. Rad1) 19... Nd3 $1 {[%emt 0:08:58] Black is clearly winning.} 20. Qb6 (20. Qd6 exd5) 20... Bxd5 21. exd5 Nxe1 22. Qc6+ Kf7 {[%emt 0:00:22] And now ...Nd3 would win.} 23. Rxe1 Rhe8 24. d6 Red8 25. Rd1 Qxb2 26. h4 Qe2 27. Rd4 Qe1+ {[%emt 0:00:13] White did not feel at home in the position after the opening.  Weighted Error Value: White=0.96/Black=0.22 (precise)} 0-1

[Event "Italian-ch Teams-B 2022"]
[Site "Montesilvano"]
[Date "2022.04.19"]
[Round "1.3"]
[White "Bellini, Fabio"]
[Black "Loiacono, Leonardo"]
[Result "1-0"]
[ECO "C47"]
[WhiteElo "2428"]
[BlackElo "2284"]
[Annotator "TA"]
[PlyCount "79"]
[EventDate "2022.04.19"]
[EventType "team-tourn"]
[EventCountry "ITA"]
[SourceTitle "playchess.com"]
[Source "ChessBase"]
[SourceQuality "1"]
[TimeControl "40/5400+30:1800+30"]

1. e4 e5 2. Nf3 Nc6 3. Nc3 Nf6 4. d4 exd4 5. Nxd4 Bb4 6. Nxc6 bxc6 7. Bd3 d5 8. exd5 cxd5 {[%emt 0:00:06] 8...0-0 is more fashionable.} 9. O-O O-O 10. h3 {[%emt 0:00:33] C47: Scotch Four Knights and Four Knights with 4 g3.} c6 11. Qf3 Re8 12. Bf4 {[%emt 0:03:13] The position is equal.} Qe7 13. Rad1 Bd7 14. Ne2 Ne4 15. a3 {[%emt 0:12:02] [#]} Nc5 $146 ({Predecessor:} 15... Bc5 16. c4 a5 17. Ng3 Nxg3 18. Qxg3 Qf6 19. cxd5 cxd5 20. Bxh7+ Kxh7 21. Rxd5 Bb5 {½-½ (51) Friedel,J (2547)-Ni,S (2426) Saint Louis 2017}) 16. Ng3 Nxd3 17. Rxd3 Bc5 18. b4 Bb6 19. Bd2 Qh4 20. Bc3 a5 (20... f6 $11) 21. Nh5 $1 $16 d4 22. bxa5 (22. Rfd1 $1 $16 dxc3 23. Rxd7 Bxf2+ 24. Kh2 (24. Qxf2 Qxh5 25. Qd4 axb4 $11)) 22... Ba7 $11 ({Don't play} 22... Bc5 23. Rfd1 Qg5 24. Bxd4 Bxd4 25. Rxd4 $16) 23. Bd2 Be6 $1 24. Nf4 {[%emt 0:01:38] Inhibits Bd5.} Bc4 25. Qxc6 Bxd3 26. cxd3 Rac8 $132 {[%emt 0:00:52][%mdl 2048] Black is not holding back} 27. Qf3 (27. Qd7 $5 Qe7 28. Qxe7 Rxe7 29. Rb1 $11) 27... Rc2 28. Re1 Rxe1+ 29. Bxe1 {[%emt 0:00:01] Intending Qa8+ and mate.} Bb8 30. g3 Qd8 31. Bb4 {[%emt 0:00:22] Nd5 is the strong threat.} h6 $2 {[%emt 0:00:11] [#]} (31... Bxf4 $11 {and Black has nothing to worry.} 32. Qxf4 Rc6) 32. Nd5 $1 $18 {[%emt 0:01:08] aiming for Ne7+.} Bd6 {[%emt 0:00:52] Inhibits Ne7+.} 33. a6 Bxb4 {[%emt 0:00:29] [#]} 34. axb4 {[%emt 0:00:06][%mdl 4096] Endgame KQR-KQN} ({Inferior is} 34. Nxb4 Rc3 $11) (34. a7 $1 $18) 34... Ra2 $1 $11 35. b5 Qa5 $2 (35... Qe8 $11 36. Kg2 Qe1) 36. Ne7+ $18 Kf8 37. Ng6+ $1 Ke8 38. Qc6+ {[%emt 0:00:33] White mates.} Kd8 39. Qd6+ Kc8 40. Ne7# {[%emt 0:00:06] Weighted Error Value: White=0.21 (precise) /Black=0.40} 1-0